Map: Traitor's Exile

Players

OpuS - Winner!

  • Race: Protoss Protoss
  • League: Platinum
  • Spawn Location: 6:00

Sketchaphone - Winner!

  • Race: Zerg Zerg
  • League: Platinum
  • Spawn Location: 5:00

Carlos

  • Race: Protoss Protoss
  • Spawn Location: 12:00

MushyMigushy

  • Race: Protoss Protoss
  • League: Platinum
  • Spawn Location: 9:00

VOD

Have the link to the VOD?

Description

Time

  • Played on: Feb. 6, 2019, 7:41 p.m.
  • Length: 10:33
Show
View Real Time Build Order
Export as new Build Order

OpuS Protoss - Winner!

Build Orders: Cannon Rush 

Get SALT Encoding   

  12  0:01  Probe  
  13  0:13  Probe  
  14  0:22  Pylon  
  14  0:25  Probe  
  15  0:46  Gateway  
  15  0:49  Probe  
  16  0:57  Probe, Assimilator  
  17  1:07  Probe  
  18  1:16  Forge  
  18  1:18  Pylon  
  18  1:25  Gateway  
  18  1:29  Probe  
  19  1:41  Probe  
  20  1:49  Photon Cannon  
  20  1:53  Photon Cannon  
  20  1:56  Photon Cannon  
  20  2:00  Probe  
  21  2:07  Cybernetics Core  
  21  2:20  Pylon  
  21  2:21  Pylon  
  21  2:28  Probe  
  21  2:31  Pylon  
  21  2:36  Probe  
  23  2:55  Probe  
  23  3:03  Probe  
  24  3:06  Gateway  
  24  3:11  Shield Battery  
  24  3:12  Photon Cannon  
  25  3:26  Assimilator  
  25  3:36  Stargate  
  25  3:47  Photon Cannon  
  25  3:54  Pylon  
  25  3:57  Probe  
  26  4:05  Probe  
  26  4:07  Gateway  
  27  4:15  Photon Cannon  
  27  4:16  Photon Cannon  
  27  4:18  Shield Battery  
  27  4:22  Void Ray  
  31  4:52  Stargate  
  31  5:27  Nexus  
  31  5:35  Void Ray  
  31  5:36  Oracle  
  38  5:50  Pylon  
  38  6:11  Void Ray  
  42  6:32  Photon Cannon  
  42  6:34  Photon Cannon  
  42  6:36  Photon Cannon  
  42  6:38  Pylon  
  42  6:48  Oracle  
  37  7:00  Void Ray  
  37  7:09  Probe x2  
  43  7:21  Probe  
  44  7:33  Probe x2  
  46  7:43  Void Ray  
  50  7:57  Void Ray  
  53  8:09  Probe x2  
  55  8:34  Void Ray  
  59  8:50  Twilight Council  
  59  8:52  Probe x2  
  61  8:56  Photon Cannon  
  61  8:58  Photon Cannon  
  61  9:00  Shield Battery  
  61  9:02  Shield Battery  
  61  9:04  Probe  
  62  9:15  Twilight Council  
  62  9:21  Zealot  
  62  9:23  Probe x2  
  66  9:35  Probe  
  66  9:38  Void Ray  
  71  9:48  Probe x2  
  77  10:00  Probe x2  
  77  10:05  Assimilator  
  79  10:12  Probe x2  
Show
View Real Time Build Order
Export as new Build Order

Sketchaphone Zerg - Winner!

Build Orders: Hatch First 

Get SALT Encoding   

  12  0:01  Drone  
  13  0:12  Overlord  
  13  0:18  Drone  
  14  0:23  Extractor  
  14  0:24  Drone  
  15  0:33  Drone  
  16  0:38  Drone  
  17  0:57  Hatchery  
  17  1:01  Drone  
  17  1:03  Drone  
  17  1:04  Extractor  
  17  1:35  Spawning Pool  
  16  1:46  Drone  
  17  1:47  Drone  
  17  1:48  Drone  
  19  1:57  Overlord  
  19  2:10  Drone  
  19  2:11  Drone  
  21  2:23  Metabolic Boost  
  21  2:24  Queen  
  21  2:25  Queen  
  21  2:27  Zergling x2  
  21  2:29  Zergling x2  
  27  2:45  Drone  
  27  2:48  Zergling x4  
  30  2:52  Zergling x4  
  30  2:54  Spine Crawler  
  30  2:55  Zergling x2  
  29  3:27  Drone x2  
  29  3:28  Zergling x4  
  32  3:43  Drone x3  
  34  4:05  Spine Crawler  
  34  4:09  Drone x2  
  35  4:15  Overlord  
  35  4:16  Overlord, Roach Warren  
  34  4:22  Spine Crawler, Drone  
  34  4:30  Overlord  
  34  4:31  Drone x2  
  34  4:41  Spine Crawler  
  32  4:48  Spine Crawler  
  32  4:50  Spine Crawler, Drone  
  29  5:00  Roach x4  
  35  5:10  Zergling x4  
  35  5:13  Roach  
  38  5:28  Roach  
  38  5:35  Roach  
  39  5:41  Spine Crawler x2  
  33  5:45  Spawning Pool  
  31  5:51  Roach  
  33  5:59  Roach  
  35  6:06  Queen  
  37  6:31  Hatchery  
  34  6:44  Zergling x6  
  33  6:59  Spine Crawler x2  
  33  7:00  Drone  
  28  7:07  Zergling x2  
  24  7:26  Zergling x8  
    8:51  Drone  
Show
View Real Time Build Order
Export as new Build Order

Carlos Protoss 

Build Orders:  

Get SALT Encoding   

  12  0:01  Probe  
  13  0:14  Probe  
  14  0:22  Pylon  
  14  0:26  Probe  
  15  0:40  Probe  
  16  0:45  Forge  
  16  0:55  Probe  
  17  1:05  Pylon  
  17  1:10  Probe  
  18  1:28  Gateway  
  18  1:31  Gateway  
  18  1:32  Gateway  
  18  1:45  Pylon  
  18  1:52  Assimilator  
  18  1:53  Probe  
  19  2:09  Probe  
  20  2:16  Zealot  
  20  2:19  Zealot  
  20  2:20  Zealot  
  26  2:23  Cybernetics Core  
  26  2:28  Assimilator  
  26  2:31  Probe  
  27  2:43  Zealot  
  29  2:47  Zealot  
  31  2:55  Zealot  
  33  3:10  Zealot  
  33  3:14  Zealot  
  33  3:17  Zealot  
  29  3:37  Zealot  
  29  3:41  Zealot  
  31  3:42  Zealot  
  33  3:52  Robotics Facility  
  33  4:17  Adept x2  
  33  4:18  Adept  
  39  4:26  Pylon  
  37  4:47  Adept x2  
  37  4:48  Adept, Immortal  
  43  4:58  Pylon  
  47  5:24  Immortal  
  41  5:44  Zealot x2  
  39  5:54  Stalker  
  41  6:04  Stargate  
  41  6:11  Stalker  
  41  6:12  Stalker  
  45  6:32  Nexus  
  39  6:51  Stalker  
  39  6:52  Stalker  
  33  7:13  Pylon  
  33  7:22  Observer  
  34  7:30  Void Ray  
  34  7:36  Pylon  
  38  7:46  Stalker  
  27  8:10  Probe  
  28  8:22  Probe  
  29  8:34  Probe  
  29  8:37  Photon Cannon  
  28  8:46  Probe  
  29  8:54  Probe  
  30  8:58  Probe  
  31  9:06  Probe  
  32  9:11  Probe  
  33  9:19  Probe  
  33  9:23  Probe  
  35  9:31  Probe  
  27  10:15  Probe  
Show
View Real Time Build Order
Export as new Build Order

MushyMigushy Protoss 

Build Orders:  

Get SALT Encoding   

  12  0:02  Probe  
  13  0:15  Pylon  
  13  0:35  Forge  
  13  0:39  Probe  
  14  0:47  Probe  
  14  0:55  Pylon, Probe  
  16  1:17  Photon Cannon  
  16  1:20  Gateway  
  16  1:24  Pylon  
  16  1:43  Gateway  
  16  1:45  Gateway  
  16  1:46  Probe  
  17  1:58  Probe  
  18  2:09  Zealot  
  20  2:16  Probe  
  21  2:26  Cybernetics Core  
  21  2:30  Zealot  
  21  2:32  Zealot  
  21  2:35  Probe  
  25  2:38  Assimilator  
  25  2:39  Assimilator  
  25  2:43  Probe  
  25  2:56  Zealot  
  27  3:07  Zealot x2  
  31  3:18  Shield Battery  
  29  3:23  Shield Battery  
  29  3:25  Pylon  
  27  3:32  Probe  
  28  3:40  Probe  
  28  3:41  Warp Gate  
  28  3:45  Stalker  
  28  3:48  Probe  
  32  4:15  Stalker  
  34  4:27  Stalker x2  
  38  5:05  Stalker  
  38  5:15  Stalker  
  36  5:27  Pylon  
  34  5:29  Shield Battery, Photon Cannon  
  30  5:36  Probe  
  31  5:48  Protoss Ground Weapons Level 1  
  31  5:49  Nexus  
  29  5:58  Gateway  
  29  6:01  Gateway  
  29  6:07  Stalker x2  
  33  6:14  Photon Cannon  
  33  6:29  Shield Battery  
  33  6:33  Stalker x2  
  25  7:00  Stalker x3  
  5  8:19  Sentry x2  
  8  9:07  Probe  
  9  9:21  Probe x2  
  11  9:37  Probe  
  4  10:04  Probe x2  
  6  10:09  Stalker x2  
  10  10:16  Probe  
  11  10:24  Pylon  
  11  10:27  Pylon  
Tags
 
Add a new tag
Caveats
  • Supply blocks, unpowered buildings, or Contaminate may cause inaccurate times.
  • Supply counts are checked every 10 seconds.